 Dungeon Crawl Stone Soup version 0.28.0-53-g5a82cb258f (webtiles) character file.

Game seed: 11310168033894664058

37 firemarshallily the Sneak (level 3, -10/34 HPs)
             Began as a Naga Monk on June 16, 2022.
             Mangled by an ogre
             ... wielding a +0 giant club
              (19 damage)
             ... on level 2 of the Dungeon.
             The game lasted 00:03:40 (1116 turns).

firemarshallily the Sneak (Naga Monk)               Turns: 1116, Time: 00:03:41

Health: -10/34     AC:  2    Str: 13    XL:     3   Next: 39%
Magic:  3/3        EV: 10    Int: 10    God:
Gold:   25         SH:  0    Dex: 15    Spells: 2/2 levels left

rFire   . . .      SeeInvis +   a - +0 short sword (venom)
rCold   . . .      Faith    .   (no shield)
rNeg    . . .      Spirit   .   b - +0 robe
rPois   +          Reflect  .   (no helmet)
rElec   .          Harm     .   (no cloak)
rCorr   .          Rampage  .   (no gloves)
Will    .....                   (no barding)
Stlth   +++.......              (no amulet)
HPRegen 0.11/turn               (no ring)
MPRegen 0.08/turn               (no ring)

@: very slow
A: AC +1, large, see invisible, deformed body, poison resistance, slowness 2,
spit poison 1, naga tail 1
a: Spit Poison


You were on level 2 of the Dungeon.
You visited 1 branch of the dungeon, and saw 2 of its levels.

You collected 25 gold pieces.

Inventory:

Hand Weapons
 a - a +0 short sword of venom (weapon)
Missiles
 c - 45 stones
Armour
 b - a +0 robe (worn)
Scrolls
 e - a scroll of amnesia


   Skills:
 + Level 3.2 Fighting
 + Level 3.2 Short Blades
 * Level 2.8 Dodging
 * Level 4.1 Stealth


You had 2 spell levels left.
You didn't know any spells.
Your spell library was empty.

Dungeon Overview and Level Annotations

Branches:
Dungeon (1/15)

Altars:


Innate Abilities, Weirdness & Mutations

Your serpentine skin is tough. (AC +1)
You have supernaturally acute eyesight. (SInv)
Armour fits poorly on your strangely shaped body.
Your system is resistant to poisons. (rPois)
You cover ground very slowly.
You can spit poison.
You have a snake-like lower body.


Message History

Found a hand axe.
d - a scroll labelled OZOTWI FOEKAPT An ogre comes into view.
It is wielding a +0 giant club.
The ogre shouts!
The ogre moves out of view.
Aiming: Spit Poison (2% risk of failure)
Press: ? - help, Q - select action, (/) - cycle Shift-Dir - straight line, f - ogre
Aim: an ogre, wielding a +0 giant club (81% to hit)
The splash of poison hits the ogre but does no damage.
The ogre is poisoned.
You have got your breath back.
Aiming: Spit Poison (2% risk of failure)
Press: ? - help, Q - select action, (/) - cycle Shift-Dir - straight line, f/p - ogre
Aim: an ogre, wielding a +0 giant club (lightly wounded, poisoned, 81% to hit)
The splash of poison hits the ogre.
The ogre is moderately wounded.
A kobold comes into view. It is wielding a +0 whip.
The ogre closely misses you.
An endoplasm comes into view.
The endoplasm quivers.
You hit the ogre but do no damage.
The ogre is moderately wounded.
The ogre hits you with a +0 giant club!!
Ouch! That really hurt!
* * * LOW HITPOINT WARNING * * *
The kobold shouts!
You aren't carrying any potions.
As you read the scroll labelled OZOTWI FOEKAPT, it crumbles to dust.
It is a scroll of brand weapon.
Your +0 short sword drips with poison.
a - a +0 short sword of venom (weapon)
You hit the ogre.
The ogre looks even sicker.
The ogre is heavily wounded.
The ogre closely misses you.
You hit the ogre.
The ogre looks as sick as possible!
The ogre is heavily wounded.
You have got your breath back.
The ogre hits you with a +0 giant club!!
Ouch! That really hurt!
You die...

.. #. #... .. ..
..####.### #..# #.
.......... #..# #.
#J#.....# #..#
#.#####.#.....## ###..#
#.....#.........
....########.#........#
.#..[..........O@...K...
....#########.##.#.....#
#.# ##.##.# ....#
#.########...#.# .###
#.##.......#....# # #
#.##.#####...#).#
#.#.##.# ##.##..#
#..#.#.# .##..# #......#
.. #


You could see an ogre (extremely poisoned), an endoplasm and a kobold.

Vanquished Creatures
  An adder (D:2)
  A dart slug (D:1)
  A ball python (D:1)
  A giant cockroach (D:1)
  2 goblins (D:1)
  4 hobgoblins
  4 jackals (D:1)
  2 quokkas (D:1)
  2 bats (D:1)
  2 frilled lizards (D:1)
  2 kobolds (D:1)
22 creatures vanquished.

Notes
Turn   | Place    | Note
-------+----------+-------------------------------------------
     0 | D:1      | firemarshallily the Naga Monk began the quest for the Orb.
     0 | D:1      | Reached XP level 1. HP: 21/21 MP: 1/1
   160 | D:1      | Reached XP level 2. HP: 28/28 MP: 2/2
   687 | D:1      | Reached XP level 3. HP: 25/34 MP: 3/3
   784 | D:1      | You fall into a shaft and drop 1 floor!
   795 | D:2      | Reached skill level 4 in Stealth
  1104 | D:2      | Noticed an ogre
  1116 | D:2      | Mangled by an ogre

Illustrated notes

Levels and vault maps discovered:
D:1:      erik_arrival_blinker_ship, layout_basic
D:2:      layout_loops_ring, basic_altar, basic_ecumenical_altar,
          hangedman_decor_growths, minmay_misc_feat_tower

Skill      XL: |  1  2  3 |
---------------+----------+-----
Stealth        | 4 |  4.1
Fighting       | |  3.2
Short Blades   | |  3.2
Dodging        | |  2.8

Action                   || total
-------------------------++-------
Melee: Short sword       ||    64
 Abil: Spit Poison       ||    20
  Use: Scroll            ||     2
Armor: Robe              ||    11
Dodge: Dodged            ||    37
